 Dungeon Crawl Stone Soup version 0.19.0-2-gae57169 (webtiles) character file.

41123 rgaf the Impaler (level 14, -12/121 HPs)
             Began as a Merfolk Gladiator on Nov 7, 2016.
             Was a High Priest of Hepliaklqana.
             Mangled by an entropy weaver (15 damage)
             ... on level 6 of the Lair of Beasts.
             The game lasted 00:33:04 (19604 turns).

rgaf the Impaler (Merfolk Gladiator)               Turns: 19604, Time: 00:33:05

Health: -12/121    AC:  5    Str: 25    XL:     14   Next: 14%
Magic:  27/27      EV: 16    Int:  8    God:    Hepliaklqana [*****.]
Gold:   708        SH:  2    Dex: 14    Spells: 0 memorised, 13 levels left

rFire  . . .     SeeInvis .     b - +9 spear of Subterfuge {freeze, rC++ MR+}
rCold  + + .     Gourm    .     s - +1 scale mail {rN+}
rNeg   + . .     Faith    .     (no shield)
rPois  .         Spirit   .     c - +0 helmet
rElec  .         Reflect  +     e - +0 cloak
rCorr  .         Harm     .     Y - +1 pair of gloves
MR     ++...                    (no boots)
Stlth  ..........               q - +2 amulet of reflection
                                y - +2 ring of protection
                                A - ring of magical power

@: mighty, berserking, corroded, very quick
A: change form in water, swift swim, stealthy swim, reduced essence
a: Recall Ancestor, Ancestor Identity, Transference, Idealise, Renounce Religion


You were on level 6 of the Lair of Beasts.
You worshipped Hepliaklqana.
Hepliaklqana was extremely pleased with you.
You were not hungry.

You visited 3 branches of the dungeon, and saw 17 of its levels.

You collected 708 gold pieces.

Inventory:

Hand Weapons
 a - a +0 halberd
 b - the +9 spear of Subterfuge (weapon) {freeze, rC++ MR+}
   (You found it on level 9 of the Dungeon)

   It has been specially enchanted to freeze those struck by it, causing extra
   injury to most foes and up to half again as much damage against particularly
   susceptible opponents.
   It can also slow down cold-blooded creatures.
   It greatly protects you from cold.
   It affects your resistance to hostile enchantments.
 T - the +10 morningstar "Eos" {elec, Halo rElec}
   (You found it on level 9 of the Dungeon)

   Occasionally, upon striking a foe, it will discharge some electrical energy
   and cause terrible harm.
   It insulates you from electricity.
Missiles
 d - 8 throwing nets (quivered)
Armour
 c - a +0 helmet (worn)
 e - a +0 cloak (worn)
 s - a +1 scale mail of positive energy (worn)
 Y - a +1 pair of gloves (worn)
Jewellery
 m - an uncursed ring of resist corrosion
 q - a +2 amulet of reflection (around neck)
 u - an uncursed ring of wizardry
 y - a +2 ring of protection (right hand)
 A - a ring of magical power (left hand)
Wands
 k - a wand of digging (16/24)
 G - a wand of slowing (22/48)
 J - a wand of lightning (4/15)
 K - a wand of acid (8/15)
 P - a wand of disintegration (14/24)
 Q - a wand of lightning (10/15)
 S - a wand of lightning (2/15)
 W - a wand of polymorph (8/24)
Scrolls
 g - 2 scrolls of identify
 l - 3 scrolls of enchant weapon
 C - a scroll of enchant armour
 E - 7 scrolls of remove curse
 H - a scroll of fog {unknown}
 M - a scroll of magic mapping
 U - 5 scrolls of amnesia
 V - 2 scrolls of recharging
Potions
 n - 9 potions of curing
 o - 5 potions of degeneration
 p - 3 potions of haste
 r - 2 potions of resistance
 v - a potion of cure mutation
 w - 2 potions of magic
 x - a potion of lignification
 B - 2 potions of might
 F - a potion of heal wounds
 I - a potion of mutation
 N - a potion of invisibility
 O - a potion of ambrosia
Books
 L - a book of Debilitation

   Spells                             Type                      Level
   a - Corona                         Hexes                        1
   b - Slow                           Hexes                        2
   c - Gell's Gravitas                Hexes/Translocation          3
   d - Inner Flame                    Hexes/Fire                   3
   e - Cause Fear                     Hexes                        4
   f - Leda's Liquefaction            Hexes/Earth                  4
Comestibles
 f - 6 bread rations
 h - 7 meat rations
 i - 16 slices of pizza
 j - 3 beef jerkies
 z - 9 fruits


   Skills:
 - Level 2.1 Fighting
 + Level 20.5 Polearms
 - Level 2.0 Throwing
 + Level 12.1 Armour
 - Level 10.1 Dodging
 - Level 5.3 Invocations


You had 13 spell levels left.
You didn't know any spells.

Dungeon Overview and Level Annotations

Branches:
Dungeon (10/15)            Temple (1/1) D:5            Lair (6/6) D:8
 Shoals (0/4) Lair:3        Snake (0/4) Lair:4          Orc (0/2) D:9
  Slime: Lair:5-6

Altars:
Ashenzari
Cheibriados
Dithmenos
Elyvilon
Fedhas
Gozag
Hepliaklqana
Kikubaaqudgha
Makhleb
Nemelex Xobeh
Okawaru
Qazlal
Ru
Sif Muna
Trog
Uskayaw
Vehumet
Xom
Yredelemnul
Zin
The Shining One
Beogh

Shops:
D:8 [}:

Annotations:
D:4 lokibrotherofthor's ghost, amateur TrMo
D:10 Snorg
Lair:5 exclusion: oklob plant


Message History

A red film seems to cover your vision as you go berserk!
You feel yourself moving faster!
You feel mighty! The elephant tramples you!
* * * LOW HITPOINT WARNING * * *
You stumble backwards!
The entropy weaver hits you!
* * * LOW HITPOINT WARNING * * *
The entropy weaver hits you!
* * * LOW HITPOINT WARNING * * *
The entropy weaver hits you!
* * * LOW HITPOINT WARNING * * *
The entropy weaver hits you but does no damage.
The elephant misses you.
The elephant trunk-slaps you but does no damage.
You hit the entropy weaver. You freeze the entropy weaver.
The entropy weaver is lightly wounded.
Your scale mail prevents you from hitting the entropy weaver.
The entropy weaver is lightly wounded.
The elephant misses you.
The elephant trunk-slaps you but does no damage.
The entropy weaver hits you!
You die...

...............
....#.#........ ###
....?.......... .P#
............... .# ..##
......?........ .##...#
.....(......... .......
............... ......
#a@....... #.....
##YY....## ...... . ..
#Y#.#...# .#### #....#
#k##....## .###
####.=...##.# #..#.#
<#.##P##.......aY## ...#
.YkP#..#.......Y#.##..##
............Y.........#..#.
....Y......................


You could see an entropy weaver, 3 elephants, 2 yaks, a rime drake and a soldier
ant.

Vanquished Creatures
  The ghost of Bokrug the Severer, a journeyman MiFi of Uskayaw (Lair:4)
  A dire elephant (Lair:3)
  4 hydras
  A catoblepas (Lair:3)
  A manticore (Lair:3)
  7 elephants
  7 black mambas
  6 spiny frogs
  2 rime drakes
  11 komodo dragons
  A troll (D:9)
  2 polar bears
  7 blink frogs
  8 hippogriffs
  7 dream sheep
  Sigmund (D:3)
  A human (D:9)
  2 wyverns
  17 yaks
  A basilisk (Lair:5)
  3 soldier ants (Lair:5)
  14 water moccasins
  3 porcupines
  3 orc warriors
  3 sky beasts
  3 ice beasts
  A black bear (D:10)
  2 ogres
  A phantom (D:5)
  4 centaurs
  4 wolves (Lair:2)
  8 crocodiles
  A big kobold (D:9)
  15 bullfrogs
  A wyvern zombie (D:8)
  A wyvern skeleton (D:8)
  A water moccasin skeleton (D:8)
  2 scorpions
  6 killer bees (D:9)
  3 wights (D:8)
  2 electric eels (Lair:3)
  4 howler monkeys
  A centaur zombie (D:5)
  3 crimson imps
  A quasit (D:9)
  5 orc priests
  4 hounds
  A jelly (D:6)
  A bullfrog zombie (D:9)
  10 orc wizards
  Crazy Yiuf (D:3)
  Jessica (D:2)
  A gnoll shaman (D:5)
  Terence (D:2)
  Natasha (thrice) (D:3 D:6)
  4 iguanas
  4 worker ants
  A hound zombie (D:5)
  2 hound skeletons
  7 gnolls
  3 adders
  A shadow imp (D:5)
  2 oozes (D:3)
  An adder zombie (D:9)
  2 worms (D:3)
  A dart slug (D:1)
  6 leopard geckos
  40 orcs
  8 bats
  4 giant cockroaches
  7 goblins
  8 hobgoblins
  10 jackals
  4 quokkas
  4 ball pythons
  6 frilled lizards
  A jackal skeleton (D:4)
  12 kobolds
  A leopard gecko skeleton (D:8)
  3 rats
  A plant (Lair:4)
349 creatures vanquished.

Vanquished Creatures (collateral kills)
  2 elephants
  A spiny frog (Lair:5)
  2 dream sheep
  A blink frog (Lair:5)
  3 yaks
  2 wyverns (D:8)
  2 water moccasins
  An ogre (D:9)
  A crocodile (Lair:3)
  A bullfrog (D:9)
  An orc priest (D:9)
  A jelly (D:7)
  A hound zombie (D:7)
19 creatures vanquished.

Vanquished Creatures (others)
  17 hexers
  A bush (Lair:5)
  7 fungi
  6 plants
  8 toadstools (Lair:3)
39 creatures vanquished.

Grand Total: 407 creatures vanquished

Notes
Turn   | Place    | Note
-------+----------+-------------------------------------------
     0 | D:1      | rgaf the Merfolk Gladiator began the quest for the Orb.
     0 | D:1      | Reached XP level 1. HP: 16/16 MP: 1/1
    64 | D:1      | Reached XP level 2. HP: 22/22 MP: 2/2
   144 | D:1      | Reached skill level 5 in Polearms
   185 | D:1      | Reached skill level 1 in Armour
   212 | D:1      | Reached XP level 3. HP: 27/27 MP: 3/3
   951 | D:2      | Noticed Terence
   960 | D:2      | Killed Terence
   960 | D:2      | Reached XP level 4. HP: 33/33 MP: 4/4
  1030 | D:2      | Noticed Jessica
  1039 | D:2      | Killed Jessica
  1039 | D:2      | Reached skill level 6 in Polearms
  1309 | D:3      | Noticed Natasha
  1320 | D:3      | Killed Natasha
  1320 | D:3      | Reached XP level 5. HP: 32/38 MP: 5/5
  1436 | D:3      | Noticed Natasha
  1445 | D:3      | Killed Natasha
  1580 | D:3      | Noticed Sigmund
  1620 | D:3      | Killed Sigmund
  1620 | D:3      | Reached skill level 7 in Polearms
  1620 | D:3      | Reached XP level 6. HP: 37/44 MP: 6/6
  1663 | D:3      | Found a faded altar of an unknown god.
  1744 | D:3      | Found a runed door.
  1749 | D:3      | Noticed Crazy Yiuf
  1755 | D:3      | Killed Crazy Yiuf
  1833 | D:3      | Reached skill level 8 in Polearms
  2148 | D:4      | Found a burning altar of Makhleb.
  2148 | D:4      | Noticed a cacodemon
  2151 | D:4      | Noticed a hellwing
  2151 | D:4      | Noticed a smoke demon
  2179 | D:4      | Found an ancient bone altar of Kikubaaqudgha.
  2218 | D:4      | Reached XP level 7. HP: 46/50 MP: 7/7
  2959 | D:4      | Noticed lokibrotherofthor's ghost (amateur TrMo)
  3011 | D:5      | Entered Level 5 of the Dungeon
  3059 | D:5      | Reached skill level 9 in Polearms
  3840 | D:5      | Found a staircase to the Ecumenical Temple.
  3851 | Temple   | Entered the Ecumenical Temple
  4206 | D:5      | Reached XP level 8. HP: 56/56 MP: 8/8
  4219 | D:5      | Reached skill level 10 in Polearms
  4580 | D:5      | Reached skill level 5 in Armour
  4906 | D:4      | Found a shattered altar of Ashenzari.
  5397 | D:4      | Found a glowing silver altar of Zin.
  6082 | D:6      | Reached skill level 11 in Polearms
  6331 | D:6      | Found a snail-covered altar of Cheibriados.
  6569 | D:6      | Found a stormy altar of Qazlal.
  6572 | D:6      | Found a hazy altar of Hepliaklqana.
  6576 | D:6      | Became a worshipper of Hepliaklqana the Forgotten
  6582 | D:6      | Found a basalt altar of Yredelemnul.
  6586 | D:6      | Found an opulent altar of Gozag.
  6737 | D:6      | Noticed Natasha
  6752 | D:6      | Killed Natasha
  6752 | D:6      | Reached XP level 9. HP: 37/54 MP: 9/9
  7023 | D:7      | Found a sacrificial altar of Ru.
  7220 | D:7      | Reached * piety under Hepliaklqana
  7454 | D:7      | Reached skill level 12 in Polearms
  7551 | D:8      | Found a hide-covered altar of Uskayaw.
  7553 | D:8      | Found a white marble altar of Elyvilon.
  7593 | D:8      | Found Gadog's Armour Shoppe.
  7795 | D:8      | Found a staircase to the Lair.
  7853 | D:8      | Reached ** piety under Hepliaklqana
  7863 | D:8      | Remembered your ancestor Senakhtenre as a hexer
  7936 | D:8      | Found Qef Turag's Gadget Boutique.
  8106 | D:8      | Found Urhevye's Book Boutique.
  8457 | D:8      | Reached skill level 13 in Polearms
  8771 | D:9      | Found a roughly hewn altar of Beogh.
  8966 | D:9      | Reached XP level 10. HP: 60/60 MP: 10/10
  8984 | D:9      | Reached skill level 14 in Polearms
  9392 | D:9      | Got a fine spear
  9394 | D:9      | Identified the +9 spear of Subterfuge {freeze, rC++ MR+} (You found it on level 9 of the Dungeon)
  9508 | D:9      | Found a staircase to the Orcish Mines.
 10289 | D:9      | Reached skill level 15 in Polearms
 10505 | D:10     | Entered Level 10 of the Dungeon
 10530 | D:10     | Noticed Snorg
 10817 | Lair:1   | Entered Level 1 of the Lair of Beasts
 10898 | Lair:1   | Reached *** piety under Hepliaklqana
 10899 | Lair:1   | Noticed a seven-headed hydra
 10914 | Lair:1   | Killed a seven-headed hydra
 10914 | Lair:1   | Reached XP level 11. HP: 40/64 MP: 11/11
 11265 | Lair:1   | Reached skill level 16 in Polearms
 12200 | Lair:2   | Reached **** piety under Hepliaklqana
 12777 | Lair:2   | Reached skill level 10 in Dodging
 12777 | Lair:2   | Reached skill level 5 in Invocations
 12777 | Lair:2   | Reached XP level 12. HP: 70/70 MP: 11/16
 12820 | Lair:3   | Noticed a six-headed hydra
 13073 | Lair:3   | Noticed an eight-headed hydra
 13086 | Lair:3   | Killed an eight-headed hydra
 13087 | Lair:3   | Reached skill level 17 in Polearms
 13244 | Lair:3   | Found a staircase to the Shoals.
 13320 | Lair:3   | Reached skill level 10 in Armour
 13525 | Lair:3   | Found a runed door.
 13601 | Lair:3   | Killed a six-headed hydra
 14583 | Lair:3   | Noticed a catoblepas
 14583 | Lair:3   | Noticed a dire elephant
 14715 | Lair:3   | Killed a catoblepas
 14715 | Lair:3   | Reached skill level 18 in Polearms
 14715 | Lair:3   | Reached XP level 13. HP: 74/74 MP: 17/17
 14770 | Lair:3   | Killed a dire elephant
 15524 | Lair:4   | Found a staircase to the Snake Pit.
 15653 | Lair:4   | Reached ***** piety under Hepliaklqana
 15737 | Lair:4   | Noticed Bokrug's ghost (journeyman MiFi)
 15786 | Lair:4   | Killed Bokrug's ghost
 15786 | Lair:4   | Reached skill level 19 in Polearms
 18322 | Lair:6   | Entered Level 6 of the Lair of Beasts
 18332 | Lair:6   | Reached skill level 20 in Polearms
 18629 | Lair:6   | Noticed an entropy weaver
 18867 | Lair:5   | Reached XP level 14. HP: 74/81 MP: 18/18
 19590 | Lair:6   | Noticed an entropy weaver
 19602 | Lair:6   | HP: 3/121 [entropy weaver (13)]
 19604 | Lair:6   | Mangled by an entropy weaver

Skill      XL: |  1  2  3  4  5  6  7  8  9 10 11 12 13 14 |
---------------+-------------------------------------------+-----
Polearms       | 5 6 7 8 9 11 13 15 16 18 20 | 20.5
Armour         | 1 2 3 4 5 7 9 10 11 12 | 12.1
Dodging        | 10 | 10.1
Invocations    | 5 |  5.3
Fighting       | |  2.1
Throwing       | |  2.0

Action                   |  1- 3 |  4- 6 |  7- 9 | 10-12 | 13-15 || total
-------------------------+-------+-------+-------+-------+-------++-------
Melee: Trident           |    78 |   126 |   327 |       |       ||   531
       Halberd           |       |       |   210 |    16 |       ||   226
       Morningstar       |       |       |     2 |    13 |       ||    15
       Spear             |       |       |       |   415 |   551 ||   966
       Tailslap          |       |       |       |     1 |     3 ||     4
Throw: Throwing net      |       |       |     1 |       |       ||     1
Invok: Ancestor Life: He |       |       |     1 |       |       ||     1
       Recall Ancestor   |       |       |       |       |     1 ||     1
Evoke: Wand              |       |       |     6 |     5 |     1 ||    12
  Use: Scroll            |       |     5 |     3 |    14 |     9 ||    31
       Potion            |       |     2 |     2 |     1 |     5 ||    10
 Stab: Sleeping          |       |     1 |       |       |       ||     1
       Distracted        |       |       |     3 |     2 |     5 ||    10
       Confused          |       |       |       |     1 |       ||     1
  Eat: Chunk             |       |     4 |    20 |    18 |    15 ||    57
       Fruit             |       |       |     2 |       |       ||     2
Armor: Leather armour    |    28 |     3 |       |       |       ||    31
       Scale mail        |       |    29 |   169 |    71 |    86 ||   355
Dodge: Dodged            |    45 |    53 |   204 |   114 |   169 ||   585
Block: Other             |       |       |    27 |     8 |    13 ||    48
       Reflection        |       |       |     2 |       |       ||     2
